Map: Echo LE (Void)

Players

Walnut - Winner!

  • Race: Protoss Protoss
  • League: Grandmaster

Noodle

  • Race: Zerg Zerg
  • League: Grandmaster

VOD

Have the link to the VOD?

Description

Time

  • Played on: June 12, 2015, 10:57 a.m.
  • Length: 18:18
Show
View Real Time Build Order
Export as new Build Order

Walnut Protoss - Winner!

Build Orders: Oracle Opening, Oracle Opening 

Get SALT Encoding   

  12  0:01  Probe  
  13  0:14  Pylon  
  13  0:17  Probe  
  14  0:32  Probe (Chrono Boost)  
  14  0:34  Gateway  
  15  0:42  Probe (Chrono Boost)  
  16  0:43  Assimilator  
  16  0:49  Probe  
  17  0:52  Assimilator  
  17  1:01  Probe  
  18  1:08  Forge  
  18  1:13  Probe  
  19  1:28  Cybernetics Core  
  19  1:29  Probe  
  20  1:35  Pylon  
  20  1:40  Protoss Ground Weapons Level 1 (Chrono Boost)  
  20  1:50  Probe (Chrono Boost)  
  21  2:00  Probe (Chrono Boost)  
  22  2:04  Warp Gate  
  22  2:05  Adept  
  24  2:14  Mothership Core (Chrono Boost)  
  26  2:34  Nexus  
  26  2:43  Stargate  
  26  2:48  Pylon  
  26  2:53  Adept (Chrono Boost)  
  28  3:00  Probe  
  29  3:09  Gateway  
  29  3:19  Photon Cannon  
  29  3:27  Oracle (Chrono Boost)  
  32  3:38  Gateway  
  32  3:42  Pylon  
  32  3:45  Pylon  
  32  3:47  Probe  
  33  3:51  Probe  
  34  3:59  Probe  
  34  4:02  Oracle (Chrono Boost)  
  38  4:05  Probe  
  39  4:12  Probe  
  39  4:15  Sentry  
  42  4:17  Probe  
  42  4:24  Probe  
  41  4:46  Probe x2 (Chrono Boost)  
  41  4:49  Adept x2  
  41  4:52  Pylon  
  47  4:53  Oracle (Chrono Boost), Assimilator  
  47  4:55  Probe x2 (Chrono Boost)  
  52  5:10  Probe x2 (Chrono Boost)  
  52  5:13  Stalker x2, Twilight Council  
  58  5:15  Zealot  
  60  5:22  Probe x2 (Chrono Boost)  
  60  5:25  Pylon  
  62  5:44  Probe (Chrono Boost)  
  62  5:48  Stalker x2  
  62  5:49  Stalker, Probe (Chrono Boost), Assimilator  
  70  5:54  Probe (Chrono Boost)  
  72  5:57  Probe (Chrono Boost)  
  72  6:01  Probe  
  73  6:08  Probe  
  74  6:14  Nexus  
  74  6:15  Pylon  
  74  6:19  Adept  
  74  6:22  Shield Upgrade (Chrono Boost)  
  76  6:30  Pylon  
  76  6:35  Pylon  
  76  6:50  Probe x2  
  76  6:51  Stalker x2, Adept  
  84  6:56  Gateway  
  84  6:59  Gateway  
  84  7:02  Fleet Beacon  
  84  7:06  Photon Cannon  
  84  7:18  Adept  
  86  7:25  Probe x2  
  86  7:26  Gateway x2  
  86  7:27  Probe  
  89  7:37  Probe x2  
  89  7:39  Probe  
  92  7:49  Probe (Chrono Boost)  
  92  7:50  Probe (Chrono Boost)  
  94  7:54  Stalker x2, Adept  
  94  7:57  Probe (Chrono Boost)  
  101  8:00  Assimilator  
  101  8:02  Probe x2 (Chrono Boost)  
  103  8:05  Tempest (Chrono Boost), Assimilator  
  103  8:07  Blink (Chrono Boost)  
  103  8:08  Probe (Chrono Boost)  
  103  8:11  Probe x2 (Chrono Boost)  
  110  8:19  Photon Cannon  
  110  8:29  Probe x3  
  110  8:30  Pylon  
  110  8:34  Pylon  
  113  8:51  Probe x3  
  113  8:54  Tempest (Chrono Boost)  
  120  9:00  Adept x4  
  120  9:01  Adept  
  130  9:06  Dark Shrine, Protoss Ground Weapons Level 2 (Chrono Boost)  
  130  9:07  Templar Archives  
  130  9:10  Pylon  
  130  9:14  Pylon  
  130  9:17  Pylon  
  130  9:28  Robotics Facility  
  130  9:30  Tempest (Chrono Boost)  
  134  9:55  Psionic Storm  
  134  9:58  High Templar x2  
  134  9:59  High Templar  
  140  10:00  Zealot x4  
  140  10:04  Tempest (Chrono Boost)  
  134  10:28  Stalker  
  134  10:29  Stalker x3  
  134  10:35  Archon  
  96  11:06  Observer (Chrono Boost)  
  96  11:08  High Templar x2  
  96  11:09  High Templar  
  96  11:10  Stalker x2, Zealot x2  
  111  11:27  Nexus  
  111  11:29  Immortal (Chrono Boost), Tempest  
  111  11:30  Pylon  
  119  11:33  Pylon  
  119  11:37  Adept x3  
  119  11:38  Adept  
  127  11:44  Stalker x2  
  127  11:45  Stalker  
  133  12:00  Immortal (Chrono Boost)  
  133  12:07  Tempest  
  141  12:18  Protoss Ground Weapons Level 3 (Chrono Boost)  
  141  12:19  Photon Cannon  
  141  12:21  Photon Cannon  
  141  12:22  Stalker x3, High Templar  
  147  12:23  Adept x3  
  147  12:24  Photon Cannon  
  151  13:01  Tempest (Chrono Boost)  
  151  13:03  Immortal  
  151  13:04  Adept x7  
  140  14:01  Adept x5  
  140  14:02  Adept  
  136  14:11  Tempest (Chrono Boost)  
  136  14:14  Immortal (Chrono Boost)  
  136  14:16  Dark Templar  
  146  14:20  Carrier (Chrono Boost)  
  146  14:32  Assimilator  
  146  14:33  Assimilator  
  146  14:39  Graviton Catapult (Chrono Boost)  
  146  14:41  Protoss Ground Armor Level 1 (Chrono Boost)  
  146  14:44  Nexus  
  146  14:47  Pylon  
  146  14:50  Pylon  
  150  14:56  Adept x2  
  150  14:57  Stalker x4, Adept  
  164  15:00  Charge (Chrono Boost)  
  164  15:17  Carrier (Chrono Boost)  
  152  15:28  Stalker x3  
  152  15:29  Adept x4  
  170  16:14  Carrier (Chrono Boost)  
  170  16:25  Immortal (Chrono Boost)  
  174  16:27  Zealot x2, High Templar x3  
  174  16:28  Zealot x2  
  194  16:51  Gateway x2  
  194  16:57  Gateway x2  
  194  17:02  Gateway  
  194  17:03  Gateway  
  194  17:05  Gateway  
  190  17:29  Assimilator  
  190  17:30  Assimilator  
  190  17:36  Immortal (Chrono Boost)  
  190  17:55  Archon  
Show
View Real Time Build Order
Export as new Build Order

Noodle Zerg 

Build Orders: Hatch First 

Get SALT Encoding   

  12  0:02  Drone  
  13  0:12  Overlord  
  13  0:17  Drone  
  14  0:27  Extractor  
  14  0:28  Drone, Extractor  
  12  0:29  Drone  
  16  0:36  Drone  
  17  0:45  Drone  
  18  0:58  Drone  
  19  1:07  Drone  
  19  1:08  Hatchery  
  19  1:18  Extractor  
  19  1:20  Spawning Pool  
  19  1:22  Drone  
  18  1:33  Drone  
  19  1:46  Overlord  
  19  1:50  Drone  
  20  2:02  Drone  
  21  2:09  Queen  
  23  2:23  Queen  
  23  2:24  Metabolic Boost  
  23  2:27  Zergling x2  
  26  2:34  Zergling x2  
  27  2:37  Hatchery  
  26  2:44  Overlord  
  26  2:45  Drone x3  
  29  2:56  Queen  
  31  3:01  Drone  
  32  3:09  Queen  
  34  3:23  Overlord  
  34  3:24  Zergling x2  
  34  3:25  Zergling x6  
  37  3:34  Evolution Chamber  
  37  3:35  Evolution Chamber  
  35  3:45  Zergling x4  
  35  3:46  Zergling x6  
  40  3:56  Spine Crawler  
  40  3:58  Spine Crawler  
  40  3:59  Drone  
  39  4:03  Drone  
  39  4:06  Drone  
  41  4:12  Zerg Melee Weapons Level 1  
  41  4:20  Zerg Ground Armor Level 1  
  41  4:23  Drone  
  36  4:33  Spore Crawler  
  36  4:37  Spore Crawler  
  32  4:43  Drone x2  
  34  4:47  Drone  
  34  4:52  Drone  
  34  5:00  Drone x2  
  34  5:01  Drone  
  34  5:04  Drone  
  34  5:07  Drone  
  39  5:16  Drone x3  
  39  5:18  Drone  
  43  5:23  Drone  
  43  5:24  Drone  
  43  5:28  Drone  
  46  5:38  Spore Crawler  
  46  5:40  Spore Crawler  
  44  5:43  Drone  
  44  5:44  Drone x3  
  48  5:58  Drone x6  
  48  5:59  Drone  
  48  6:01  Overlord  
  55  6:06  Extractor  
  55  6:10  Spore Crawler  
  53  6:11  Drone x2, Spore Crawler  
  54  6:25  Drone x2  
  56  6:37  Drone  
  57  6:40  Spore Crawler, Extractor  
  57  6:42  Lair, Extractor  
  57  6:43  Spore Crawler x2, Drone x3  
  57  6:44  Drone  
  56  7:04  Drone x6  
  56  7:05  Drone x3  
  62  7:24  Overlord x3  
  62  7:25  Zergling x2  
  62  7:26  Zergling x6  
  66  7:51  Zerg Melee Weapons Level 2  
  66  7:52  Zerg Ground Armor Level 2  
  66  7:53  Zergling x2  
  66  7:54  Zergling x38  
  66  7:55  Zergling x2  
  66  7:56  Zergling x2  
  88  7:59  Overlord  
  88  8:01  Queen  
  90  8:10  Infestation Pit  
  89  8:23  Drone x5  
  94  8:45  Drone x3  
  94  8:46  Drone  
  98  9:01  Overlord x5  
  98  9:02  Hive  
  98  9:04  Overlord  
  98  9:05  Overlord x5  
  98  9:09  Overseer  
  98  9:23  Zergling x2  
  104  9:24  Zergling x16  
  106  10:02  Zergling x30  
  106  10:03  Zergling x12  
  95  10:21  Hydralisk Den  
  95  10:22  Zergling x2  
  95  10:23  Zergling x4  
  97  10:29  Zerg Ground Armor Level 3, Zerg Melee Weapons Level 3  
  94  10:35  Zergling x2  
  94  10:36  Zergling x20  
  91  10:46  Zergling x12  
  82  10:57  Zergling x2  
  82  10:58  Zergling x4  
  82  11:01  Queen x2  
  82  11:02  Queen  
  82  11:03  Zergling x4  
  89  11:10  Muscular Augments  
  89  11:12  Hatchery  
  89  11:15  Zergling x4  
  89  11:16  Zergling x2  
  91  11:19  Extractor  
  91  11:20  Zergling x4  
  91  11:21  Extractor  
  91  11:32  Hatchery, Hydralisk x2  
  90  11:33  Hydralisk x2  
  90  11:35  Ultralisk Cavern  
  90  11:39  Hatchery  
  96  11:50  Drone x2  
  96  11:51  Zergling x4  
  100  11:55  Hydralisk x6  
  112  12:06  Hydralisk x5  
  112  12:07  Hydralisk  
  124  12:18  Zergling x10  
  124  12:19  Zergling x2  
  124  12:21  Chitinous Plating  
  130  12:29  Hydralisk x3  
  132  12:35  Hydralisk x2  
  136  12:54  Zergling x14  
  136  12:56  Ultralisk  
  145  13:01  Ultralisk  
  145  13:05  Ultralisk  
  152  13:08  Zergling x12  
  152  13:09  Zergling x2  
  159  13:20  Drone x2  
  159  13:21  Drone x3  
  159  13:23  Overlord  
  164  13:31  Zerg Missile Weapons Level 1  
  128  13:50  Ultralisk x2  
  101  13:56  Hydralisk x2  
  101  14:02  Hydralisk x2  
  95  14:16  Ultralisk  
  101  14:32  Ultralisk  
  101  14:33  Zergling x2  
  101  14:34  Zergling x10  
  102  14:52  Spore Crawler  
  102  14:54  Spine Crawler  
  102  14:55  Zergling x2  
  102  14:56  Zergling x18  
  100  15:26  Zergling x2  
  100  15:27  Zergling x28  
  92  16:06  Viper  
  92  16:07  Ultralisk  
  92  16:10  Extractor  
  92  16:11  Hatchery  
  93  16:14  Extractor  
  93  16:16  Ultralisk  
  93  16:17  Zergling x2  
  93  16:18  Zergling x6  
  102  16:36  Hydralisk x3  
  102  16:37  Hydralisk x2  
  111  16:56  Ultralisk x2  
  123  17:18  Hydralisk x7  
  137  17:35  Drone x7  
  137  17:36  Drone x2  
  137  17:37  Drone  
Tags
 
Add a new tag
Caveats
  • Supply blocks, unpowered buildings, or Contaminate may cause inaccurate times.
  • Supply counts are checked every 10 seconds.